AoeStats
← Krivler | Murphy

Arabia

509945909Analyzed
1v1 RM · 3d ago on Sep 28, 2026· 34m 51s· 2 players
Game mode
Random Map
Map size
Tiny (2 player)
Population
200
Speed
Normal
Resources
Standard
Victory
Conquest
Starting age
Dark Age
Ending age
Imperial Age
RankedLock teamsTeams togetherTeam positionsShared explorationLock speedFull tech treeHidden civsTurbo modeCheats
Victory
Defeat
🇦🇷 Vietnamese · Argentina
962
+17
🇹🇷 Mongols · Türkiye
992
-17
Giap 84
5:37 Loom
10:12 Feudal Age
12:17 Double-Bit Axe
12:25 Horse Collar
12:59 Town Watch
18:35 Wheelbarrow
19:51 Gold Mining
22:26 Castle Age
20:52 Fletching
22:27 Bloodlines
22:54 Padded Archer Armor
24:12 Bow Saw
24:34 Bodkin Arrow
25:22 Heavy Plow
26:35 Thumb Ring
28:19 Leather Archer Armor
30:45 Pikeman
31:26 Squires
31:32 Scale Mail Armor
34:29 Hand Cart
Krivler | Murphy
8:47 Feudal Age
16:00 Double-Bit Axe
19:03 Wheelbarrow
20:41 Castle Age
18:49 Horse Collar
20:53 Scale Barding Armor
20:42 Fletching
25:08 Padded Archer Armor
25:11 Bodkin Arrow
28:23 Bow Saw
28:06 Stone Mining
Connection lost

Rejoining the realm…

Still unreachable

The connection could not be restored.

Session expired

The server has moved on; the page needs a fresh start.